AoeStats
← NuMa | Gacha

Arabia

510626979Analyzed
3v3 RM · 2d ago on Oct 1, 2026· 54m 57s· 6 players
Game mode
Random Map
Map size
Normal (6 player)
Population
200
Speed
Normal
Resources
Standard
Victory
Conquest
Starting age
Dark Age
Ending age
Imperial Age
RankedLock teamsTeams togetherTeam positionsShared explorationLock speedFull tech treeHidden civsTurbo modeCheats
Victory
Defeat
🇹🇷 Vietnamese · Türkiye
1231
+14
🇹🇷 Turks · Türkiye
1154
+17
🇹🇷 Byzantines · Türkiye
1110
+19
🇨🇴 Britons · Colombia
1259
-20
🇨🇴 Varangians · Colombia
1146
-15
🇨🇴 Italians · Colombia
1132
-15
Lavibeko
5:26 Loom
12:04 Feudal Age
13:14 Double-Bit Axe
17:17 Castle Age
24:19 Horse Collar
29:58 Bow Saw
32:16 Wheelbarrow
33:01 Scale Barding Armor
34:15 Hand Cart
36:38 Imperial Age
35:01 Forging
35:30 Gold Mining
36:08 Husbandry
38:19 Chemistry
37:40 Ballistics
37:01 Treadmill Crane
38:03 Chain Barding Armor
37:15 Heavy Camel Rider
39:28 Plate Barding Armor
40:18 Elite Skirmisher
41:04 Thumb Ring
41:36 Iron Casting
40:51 Fletching
41:02 Padded Archer Armor
42:20 Two-Man Saw
41:47 Imperial Skirmisher
43:00 Bodkin Arrow
44:16 Bracer
44:31 Leather Archer Armor
44:43 Scale Mail Armor
45:14 Elite Cataphract
46:15 Conscription
47:22 Ring Archer Armor
48:10 Logistica
AdilK
7:44 Loom
10:06 Feudal Age
12:07 Horse Collar
18:07 Castle Age
21:40 Wheelbarrow
20:53 Double-Bit Axe
21:08 Heavy Plow
21:01 Gold Mining
24:30 Bow Saw
25:01 Fletching
26:16 Stone Mining
26:43 Thumb Ring
26:14 Crossbowman
30:06 Hand Cart
29:36 Town Watch
30:07 Bodkin Arrow
31:22 Padded Archer Armor
36:18 Imperial Age
34:55 Elite Skirmisher
36:42 Arbalester
37:51 Ballistics
38:32 Chemistry
37:11 Imperial Skirmisher
40:04 Stone Shaft Mining
40:02 Bracer
40:17 Leather Archer Armor
40:37 Scale Barding Armor
40:43 Forging
43:15 Paper Money
42:56 Chatras
44:32 Two-Man Saw
44:18 Ring Archer Armor
44:09 Chain Barding Armor
44:37 Elite Rattan Archer
Mumei
10:43 Feudal Age
9:01 Loom
11:53 Double-Bit Axe
17:13 Bloodlines
19:45 Scale Barding Armor
20:40 Forging
25:46 Castle Age
24:28 Fletching
29:15 Chain Barding Armor
30:05 Gold Mining
39:02 Iron Casting
57:53 Imperial Age
NuMa | Reize
6:16 Loom
9:34 Feudal Age
10:09 Double-Bit Axe
11:29 Bloodlines
17:54 Horse Collar
20:58 Scale Barding Armor
21:04 Forging
24:28 Castle Age
24:33 Gold Mining
26:25 Chain Barding Armor
26:41 Iron Casting
26:42 Bow Saw
31:46 Husbandry
36:40 Heavy Plow
37:17 Wheelbarrow
41:16 Imperial Age
39:19 Hand Cart
39:11 Fletching
42:48 Plate Barding Armor
43:14 Blast Furnace
42:06 Cavalier
48:18 Bodkin Arrow
NuMa | Jomaro
5:36 Loom
8:21 Feudal Age
21:00 Fletching
22:56 Wheelbarrow
22:26 Padded Archer Armor
27:15 Castle Age
27:46 Gold Mining
27:29 Crossbowman
28:07 Bodkin Arrow
30:22 Gold Shaft Mining
31:34 Leather Archer Armor
33:51 Ballistics
37:02 Imperial Age
34:29 Double-Bit Axe
36:56 Bow Saw
37:14 Arbalester
38:14 Bracer
38:56 Ring Archer Armor
41:01 Chemistry
48:51 Two-Man Saw
48:44 Pikeman
49:25 Squires
52:01 Halberdier
NuMa | Gacha
7:39 Loom
10:15 Feudal Age
10:49 Double-Bit Axe
13:44 Town Watch
17:58 Bloodlines
21:58 Castle Age
20:18 Scale Barding Armor
20:15 Gold Mining
21:04 Forging
24:15 Wheelbarrow
24:59 Iron Casting
25:59 Husbandry
27:56 Chain Barding Armor
29:11 Hand Cart
29:42 Stone Mining
34:50 Fletching
35:01 Padded Archer Armor
35:34 Town Patrol
35:39 Bodkin Arrow
41:10 Imperial Age
38:59 Leather Archer Armor
39:35 Horse Collar
41:23 Pikeman
42:06 Squires
41:32 Cavalier
43:16 Stone Shaft Mining
43:16 Ballistics
43:57 Chemistry
44:05 Plate Barding Armor
43:54 Elite Skirmisher
51:55 Heavy Plow
52:27 Bracer
52:58 Ring Archer Armor
Connection lost

Rejoining the realm…

Still unreachable

The connection could not be restored.

Session expired

The server has moved on; the page needs a fresh start.